 Dungeon Crawl Stone Soup version 0.22-a0-406-g9ff8d77 (webtiles) character file.

18 dstrtnsr the Shield-Bearer (level 2, -11/27 HPs)
             Began as a Deep Dwarf Fighter on May 8, 2018.
             Killed by divine providence
             ... invoked by an orc priest
              (16 damage)
             ... on level 2 of the Dungeon.
             The game lasted 00:00:25 (209 turns).

dstrtnsr the Shield-Bearer (Deep Dwarf Fighter)      Turns: 209, Time: 00:00:26

Health: -11/27     AC:  8    Str: 22    XL:     2   Next: 51%
Magic:  2/2        EV:  7    Int:  8    God:
Gold:   30         SH:  9    Dex: 12    Spells: 1/1 levels left

rFire    . . .     SeeInvis .   a - +0 war axe
rCold    . . .     Gourm    .   c - +0 shield
rNeg     . . .     Faith    .   b - +0 scale mail
rPois    .         Spirit   .   (no helmet)
rElec    .         Reflect  .   i - +0 cloak
rCorr    .         Harm     .   (no gloves)
MR       .....                  (no boots)
Stlth    ..........             (no amulet)
HPRegen  0.00/turn              l - +3 ring of strength
MPRegen  0.08/turn              (no ring)

@: non-regenerating
A: damage resistance, heal wounds, sense surroundings 1, no regeneration
a: Heal Wounds


You were on level 2 of the Dungeon.
You were not hungry.

You visited 1 branch of the dungeon, and saw 2 of its levels.

You collected 30 gold pieces.

Inventory:

Hand Weapons
 a - a +0 war axe (weapon)
Armour
 b - a +0 scale mail (worn)
 c - a +0 shield (worn)
 i - a +0 cloak (worn)
Jewellery
 l - a +3 ring of strength (left hand)
Scrolls
 f - a scroll of teleportation {unknown}
 g - 2 scrolls of enchant weapon {unknown}
 h - 2 scrolls of identify {unknown}
Potions
 d - a potion of might
 j - a potion of lignification {unknown}
Comestibles
 e - 2 rations {!d}
 k - 2 chunks of flesh


   Skills:
 + Level 2.9 Fighting
 * Level 2.7 Axes
 + Level 3.5 Armour
 + Level 3.5 Shields


You had one spell level left.
You didn't know any spells.

Dungeon Overview and Level Annotations

Branches:
Dungeon (2/15)

Altars:


Innate Abilities, Weirdness & Mutations

You are resistant to damage.
You can heal yourself by infusing magical energy.
You passively map a small area around you.
You do not regenerate.


Message History

No target in view!
No target in view!
You see here a bat corpse.
Found a scroll labeled FILAMI GINI.
There is a stone staircase leading down here.
g - 2 scrolls labeled FILAMI GINI (gained 1)
There is a stone staircase leading down here.
You climb downwards.
Found an iron ring.
There is a stone staircase leading up here.
A kobold comes into view. It is wielding a dagger.
The kobold shouts!
A kobold is nearby!
A kobold is nearby!
A kobold is nearby!
A kobold is nearby!
A kobold is nearby!
A kobold is nearby!
You hit the kobold.
You kill the kobold!
You have reached level 2!
No target in view!
l - an iron ring You now have 15 gold pieces (gained 8).
A quokka comes into view.
A quokka is nearby!
A quokka is nearby!
A quokka is nearby!
A quokka is nearby!
Put on which piece of jewellery? (? for menu, Esc to quit)
That's the wrong kind of item! (Use * to select it.) Put on which piece of jewellery? (? for menu, Esc to quit)
You feel stronger.
l - a +3 ring of strength (left hand) No target in view!
No target in view!
No target in view!
The quokka is too close now for your liking.
A quokka is nearby!
You block the quokka's attack.
You slash the quokka!
You kill the quokka!
No target in view!
No target in view!
No target in view!
An adder comes into view.
The adder hisses angrily.
An adder is nearby!
An adder is nearby!
An adder is nearby!
An adder is nearby!
An adder is nearby!
You barely miss the adder. You block the adder's attack.
The adder barely misses you.
You closely miss the adder. The adder bites you but does no damage.
The adder barely misses you.
You barely miss the adder. The adder barely misses you. x2
You closely miss the adder. You block the adder's attack.
You barely miss the adder. You block the adder's attack. The adder bites you.
You hit the adder.
The adder is heavily wounded.
You block the adder's attack. x2
You hit the adder.
The adder is almost dead.
The adder bites you. You block the adder's attack.
You hit the adder.
You kill the adder!
No target in view!
No target in view!
Found a ring mail.
You see here an adder corpse.
You butcher the adder corpse.
k - 2 chunks of flesh (gained 1)
Found an escape hatch in the floor.
No target in view!
Found 16 stones.
No target in view!
You now have 30 gold pieces (gained 15).
Found a trident.
No target in view!
An orc priest comes into view. It is wielding a club.
The orc priest shouts!
The orc priest invokes the aid of Beogh against you.
Beogh smites you!
You hear a shout!
An orc wizard comes into view. It is wielding a dagger.
The orc wizard shouts!
An orc warrior comes into view. It is wielding a halberd.
The orc warrior hits you from afar with a halberd!
* * * LOW HITPOINT WARNING * * *
You are too injured to fight recklessly!
There are monsters nearby!
You are too injured to fight recklessly!
You are too injured to fight recklessly!
Unknown command.
Okay, then.
The orc priest invokes the aid of Beogh against you.
Beogh smites you!
Ouch! That really hurt!
You die...

######### ## * *
#.......#... ,
,,,+......)... , *
#######.......#
..........o...#...
, ,
*#...o.o......, *
**, #
#.#.###...... * #.
* #.#@# ..... ##..
#.#.# .... ...#*
#.#.# , ...
##..####.#.# ,,,
.. , #..(.....#.#
* # #........#.#
#........#.#
#........#.. * *
#.......># , ,


You could see an orc priest and an orc wizard.

Vanquished Creatures
  An adder (D:2)
  An ooze (D:1)
  A hobgoblin (D:1)
  A quokka (D:2)
  A bat (D:1)
  A frilled lizard (D:1)
  A kobold (D:2)
7 creatures vanquished.

Notes
Turn   | Place    | Note
-------+----------+-------------------------------------------
     0 | D:1      | dstrtnsr the Deep Dwarf Fighter began the quest for the Orb.
     0 | D:1      | Reached XP level 1. HP: 20/20 MP: 1/1
   144 | D:2      | Reached XP level 2. HP: 27/27 MP: 2/2
   205 | D:2      | Noticed an orc warrior
   206 | D:2      | HP: 5/27 [orc warrior/halberd (8)]
   209 | D:2      | Killed from afar by an orc priest

Vault maps used:
D:1:      lemuel_arrival_hallway, grunt_decor_cap

Action                   || total
-------------------------++-------
Melee: War axe           ||    15
Armor: Scale mail        ||     1
Dodge: Dodged            ||     4
Block: Shield            ||     9

Table legend:
 A = Spawn XP
 B = Non-spawn XP
 C = Spawn XP percentage of total XP
 D = Spawn monster count
 E = Non-spawn monster count
 F = Spawn count percentage of total count
 G = Total turns spent on level
                    A         B        C        D         E        F      G
               +---------+---------+-------+---------+---------+-------+---------
         Total |       0 |      27 |   0.0 |       0 |       7 |   0.0 |   209
               +---------+---------+-------+---------+---------+-------+---------
           D:1 |       0 |      11 |   0.0 |       0 |       4 |   0.0 |   139
           D:2 |       0 |      16 |   0.0 |       0 |       3 |   0.0 |    70
               +---------+---------+-------+---------+---------+-------+---------
